Map: Glittering Ashes LE

Players

TradeMarc (uThermal) - Winner!

  • Race: Terran Terran
  • League: Grandmaster

Lambo

  • Race: Zerg Zerg
  • League: Grandmaster

Event: DreamHack SC2 Masters Last Chance 2022

VOD

Have the link to the VOD?

Description

Time

  • Played on: Dec. 17, 2021, 12:14 p.m.
  • Length: 3:40

All games in this series

Show
View Real Time Build Order
Export as new Build Order

TradeMarc Terran - Winner!

Build Orders:  

Get SALT Encoding   

  12  0:00  SCV  
  13  0:12  SCV  
  14  0:18  Supply Depot  
  14  0:24  SCV  
  15  0:41  Barracks  
  15  0:51  Barracks  
  15  0:54  SCV  
  16  1:06  SCV  
  16  1:08  Refinery  
  17  1:18  SCV  
  18  1:28  Marine  
  18  1:31  Orbital Command  
  19  1:36  Supply Depot  
  19  1:40  Marine  
  19  1:46  Marine  
  21  1:55  Bunker  
  21  1:58  Marine  
  21  2:00  SCV  
  23  2:03  Marine  
  24  2:14  Factory  
  24  2:16  Marine  
  24  2:22  Bunker  
  25  2:26  Marine  
  26  2:34  Marine  
  27  2:41  SCV  
  27  2:43  Marine  
  29  2:52  Marine  
  29  2:53  Supply Depot, SCV  
  31  3:05  Factory Reactor  
  31  3:06  Starport  
  31  3:14  SCV, Marine  
  31  3:16  Marine  
  31  3:17  Supply Depot  
Show
View Real Time Build Order
Export as new Build Order

Lambo Zerg 

Build Orders: Hatch First 

Get SALT Encoding   

  12  0:00  Drone  
  13  0:12  Overlord  
  13  0:17  Drone  
  14  0:31  Drone x2  
  16  0:47  Hatchery  
  15  0:52  Drone  
  15  0:54  Drone  
  17  0:58  Drone  
  18  1:09  Extractor  
  17  1:13  Spawning Pool  
  17  1:16  Drone  
  17  1:20  Drone  
  18  1:28  Drone  
  19  1:39  Drone  
  20  1:50  Overlord  
  20  2:00  Queen, Spine Crawler  
  20  2:01  Zergling x4  
  23  2:10  Zergling x2  
  23  2:16  Zergling x2  
  24  2:23  Zergling x4  
  23  2:46  Queen  
  25  2:55  Drone x2  
  27  3:02  Overlord  
  27  3:22  Drone x7  
  34  3:28  Drone x2  

Tags
 
Add a new tag
Caveats
  • Supply blocks, unpowered buildings, or Contaminate may cause inaccurate times.
  • Supply counts are checked every 10 seconds.